 Dungeon Crawl Stone Soup version 0.30-a0-634-g8abc85282e (webtiles) character file.

Game seed: 1155030040930553225

182 funkygono the Firebug (level 5, 0/36 HPs)
             Began as a Demonspawn Fire Elementalist on Jan 14, 2023.
             Slain by a gnoll sergeant
             ... wielding a +0 spear
              (5 damage)
             ... on level 3 of the Dungeon.
             The game lasted 00:04:43 (2850 turns).

funkygono the Firebug (DsFE)                        Turns: 2850, Time: 00:04:43

Health: 0/36       AC:  4    Str:  8    XL:     5   Next: 34%
Magic:  9/9        EV: 12    Int: 19    God:
Gold:   131        SH:  0    Dex: 15    Spells: 4/10 levels left

rFire   . . .      SeeInvis .    j - +2 dagger (elec)
rCold   . . .      Faith    .    (no shield)
rNeg    . . .      Spirit   .    a - +0 robe
rPois   .          Reflect  .    p - +0 helmet
rElec   .          Harm     .    d - +0 cloak
rCorr   .          Rampage  .    (no gloves)
Will    .....                    (no boots)
Stlth   +++                      (no amulet)
HPRegen 0.26/turn                (no ring)
MPRegen 0.11/turn                (no ring)

@: no status effects
A: thin skeletal structure 1, spiny 1
a: no special abilities


You were on level 3 of the Dungeon.
You visited 1 branch of the dungeon, and saw 3 of its levels.

You collected 131 gold pieces.

Inventory:

Hand Weapons
 e - a +0 dagger
 j - a +2 dagger of electrocution (weapon)
 q - a +0 dagger of draining
 r - a +0 dagger of electrocution
Armour
 a - a +0 robe (worn)
 d - a +0 cloak (worn)
 p - a +0 helmet (worn)
Scrolls
 c - 6 scrolls of identify {unknown}
 f - a scroll of amnesia {unknown}
 g - a scroll of vulnerability {unknown}
 h - a scroll of poison {unknown}
 i - 2 scrolls of magic mapping {unknown}
 m - 2 scrolls of teleportation {unknown}
 n - a scroll of immolation {unknown}
 s - a scroll of blinking {unknown}
 t - a scroll of noise {unknown}
Potions
 k - a potion of degeneration {unknown}
 l - a potion of flight {unknown}
 o - a potion of heal wounds {unknown}
 u - a potion of might {unknown}


   Skills:
 + Level 0.4 Fighting
 + Level 0.2 Short Blades
 + Level 2.0 Dodging
 - Level 1.7 Stealth
 + Level 3.3 Spellcasting
 + Level 2.6 Conjurations
 + Level 3.9 Fire Magic


You had 4 spell levels left.
You knew the following spells:

 Your Spells              Type           Power      Damage    Failure   Level
a - Foxfire               Conj/Fire      60%        2x1d7     3%          1
b - Scorch                Fire           36%        2d6       4%          2
c - Kindle Blastsparks    Fire/Tloc/Air  16%        2d11      26%         3

Your spell library contained the following spells:

 Spells                   Type           Power      Damage    Failure   Level
 Summon Small Mammal      Summ           12%        N/A       16%         1
 Inner Flame              Hex/Fire       10%        N/A       21%         3
 Flame Wave               Conj/Fire      15%        2d7       36%         4
 Call Canine Familiar     Summ           3%         N/A       41%         3
 Summon Guardian Golem    Hex/Summ       3%         N/A       41%         3
 Freezing Cloud           Conj/Ice/Air   3%         6-21      96%         5
 Simulacrum               Ice/Necr       1%         N/A       100%        6
 Polar Vortex             Ice            1%         N/A       100%        9


Dungeon Overview and Level Annotations

Branches:
Dungeon (3/15)

Altars:
Yredelemnul

Shops:
D:2 (


Innate Abilities, Weirdness & Mutations

You have a somewhat thin skeletal structure. (Dex +2, Stealth+)
You are partially covered in sharp spines.


Message History

Confirm with . or Enter, or press ? or * to list all spells.
You conjure some foxfire!
The foxfire hits the gnoll sergeant.
The gnoll sergeant is moderately wounded.
The foxfire hits the gnoll sergeant.
The gnoll sergeant is heavily wounded.
The foxfire hits the gnoll sergeant.
The gnoll sergeant is heavily wounded.
The foxfire hits the gnoll sergeant.
The gnoll sergeant is heavily wounded.
The gnoll sergeant hits you from afar with a +0 spear!
The gnoll sergeant barely misses you.
Sorry, you're not good enough to have a special ability.
The foxfire hits the gnoll sergeant but does no damage.
The gnoll sergeant is heavily wounded.
The foxfire hits the gnoll sergeant but does no damage.
The gnoll sergeant is heavily wounded.
You hear a shout!
The gnoll sergeant closely misses you.
Casting: Foxfire (safe; 3% risk of failure)
Confirm with . or Enter, or press ? or * to list all spells.
You conjure some foxfire!
The gnoll sergeant hits you from afar with a +0 spear!
Casting: Foxfire (safe; 3% risk of failure)
Confirm with . or Enter, or press ? or * to list all spells.
Flames lash the gnoll sergeant.
The gnoll sergeant is severely wounded.
The gnoll sergeant's fire resistance burns away.
The foxfire hits the gnoll sergeant but does no damage.
The gnoll sergeant is severely wounded.
The foxfire hits the gnoll sergeant but does no damage.
The gnoll sergeant is severely wounded.
The gnoll sergeant hits you from afar with a +0 spear!
* * * LOW HITPOINT WARNING * * *
The gnoll sergeant hits you but does no damage.
The gnoll hits you from afar with a +0 spear.
* * * LOW HITPOINT WARNING * * *
Unknown command.
Magic courses through your body.
The gnoll sergeant hits you from afar with a +0 spear.
You die...

#..# #.# #.####### ...######.#
#.### ##.#......###...###
...#.#######......###
####.#.#..##).......#####
#.#....#...........'.#
#.#...##..........##...#
####.#..##........g..#......#
#.......##......@)g.##........#
...#.#..#...........#..).......
...#.##.#'#........##..........
...#....#.###......#...........
#'####### ###.[.##..........#
#'### ###.# ....# ### ....#
....#


You could see a gnoll sergeant (berserk, combustible) and a gnoll.

Vanquished Creatures
  Jessica (D:2)
  2 orc wizards (D:3)
  3 adders
  2 worms (D:3)
  A dart slug (D:1)
  2 orcs (D:3)
  4 bats
  9 endoplasms
  6 giant cockroaches
  4 hobgoblins
  3 quokkas
  7 ball pythons
  3 frilled lizards
  12 goblins
  2 kobolds
  4 rats
65 creatures vanquished.

Vanquished Creatures (collateral kills)
  4 foxfires
4 creatures vanquished.

Vanquished Creatures (others)
  214 foxfires
  4 plants (D:1)
  2 withered plants (D:3)
220 creatures vanquished.

Grand Total: 289 creatures vanquished

Notes
Turn   | Place    | Note
-------+----------+-------------------------------------------
     0 | D:1      | funkygono the Demonspawn Fire Elementalist began the quest
                  | for the Orb.
     0 | D:1      | Reached XP level 1. HP: 13/13 MP: 3/3
   282 | D:1      | Gained mutation: You have a somewhat thin skeletal
                  | structure. (Dex +2, Stealth+) [demonic ancestry]
   282 | D:1      | Reached XP level 2. HP: 13/19 MP: 0/5
   285 | D:1      | Learned a level 2 spell: Scorch
   922 | D:1      | Reached XP level 3. HP: 25/25 MP: 3/6
   926 | D:1      | Learned a level 3 spell: Kindle Blastsparks
  1246 | D:2      | Noticed Jessica
  1250 | D:2      | Killed Jessica
  1335 | D:2      | Gained mutation: You are partially covered in sharp spines.
                  | [demonic ancestry]
  1335 | D:2      | Reached XP level 4. HP: 31/31 MP: 3/8
  1499 | D:2      | Found Foipsah's Weapon Emporium.
  2244 | D:3      | Found a basalt altar of Yredelemnul.
  2271 | D:3      | Reached XP level 5. HP: 10/36 MP: 1/9
  2850 | D:3      | Slain by a gnoll sergeant

Illustrated notes

Levels and vault maps discovered:
D:1:      evilmike_arrival_rings, layout_rooms, chequers_big_river,
          minmay_misc_feat_alley, minmay_hexomino_u4
D:2:      layout_rooms, serial_shops, nicolae_shop_bloodbath_and_beyond,
          uniq_jessica
D:3:      minmay_skewed_foursquare, layout_basic, yredelemnul_altar_generic

Skill      XL: |  1  2  3  4  5 |
---------------+----------------+-----
Fire Magic     | 3 |  3.9
Conjurations   | 2 |  2.6
Spellcasting   | 3 |  3.3
Dodging        | 2 |  2.0
Fighting       | |  0.4
Short Blades   | |  0.2
Stealth        | |  1.7

Action                   |  1- 3 |  4- 6 || total
-------------------------+-------+-------++-------
Melee: Dagger            |     7 |     3 ||    10
       Unarmed           |     3 |       ||     3
 Cast: Foxfire           |    60 |    65 ||   125
       Scorch            |       |     8 ||     8
  Use: Potion            |       |     1 ||     1
Armor: Robe              |     2 |     6 ||     8
Dodge: Dodged            |     7 |    11 ||    18

Table legend: (Time is in decaauts)
 A = Elapsed time spent in this place.
 B = Non-inter-level travel time spent in this place.
 C = Inter-level travel time spent in this place.
 D = Time resting spent in this place.
 E = Time spent auto-exploring this place.
 F = Levels seen in this place.
 G = Mean time per level.
                   A        B        C        D        E       F      G
               +--------+--------+--------+--------+--------+-----+--------+
         Total |   2860 |   2803 |     57 |    132 |   2178 |   3 |  953.3 |
       Dungeon |   2860 |   2803 |     57 |    132 |   2178 |   3 |  953.3 |
               +--------+--------+--------+--------+--------+-----+--------+

Top non-repeatable levels by time:
     D:1: 1251 daAuts
     D:2: 957 daAuts
     D:3: 650 daAuts
